Map: Stargazers

Players

DnS

  • Race: Protoss Protoss
  • Spawn Location: 1:00

Spirit - Winner!

  • Race: Terran Terran
  • Spawn Location: 11:00

Event: DreamHack SC2 Masters 2022 Atlanta (Offline)

VOD

Have the link to the VOD?

Description

Time

  • Played on: Nov. 18, 2022, 5:15 p.m.
  • Length: 20:25

All games in this series

Show
View Real Time Build Order
Export as new Build Order

DnS Protoss 

Build Orders: 1 Gate Expand, Oracle Opening, Phoenix Opening, Zealot Archon 

Get SALT Encoding   

  12  0:00  Probe  
  13  0:12  Probe  
  14  0:17  Pylon  
  14  0:25  Probe (Chrono Boost)  
  15  0:37  Probe (Chrono Boost), Gateway  
  16  0:45  Probe (Chrono Boost), Assimilator  
  17  0:51  Probe  
  18  1:03  Probe  
  19  1:15  Probe  
  20  1:25  Cybernetics Core  
  20  1:34  Nexus  
  20  1:37  Probe  
  21  1:44  Pylon  
  21  1:49  Probe  
  21  1:53  Assimilator  
  22  1:59  Adept (Chrono Boost)  
  22  2:01  Probe  
  25  2:13  Probe  
  26  2:17  Stargate  
  26  2:24  Adept  
  26  2:25  Probe  
  29  2:30  Warp Gate  
  29  2:38  Probe (Chrono Boost)  
  30  2:46  Probe (Chrono Boost)  
  30  2:50  Probe (Chrono Boost)  
  32  2:55  Probe (Chrono Boost)  
  32  2:56  Adept  
  32  2:57  Probe (Chrono Boost)  
  36  3:00  Probe (Chrono Boost)  
  36  3:01  Oracle (Chrono Boost)  
  36  3:04  Probe  
  41  3:12  Probe  
  42  3:17  Probe, Pylon  
  43  3:25  Probe  
  42  3:28  Gateway  
  42  3:29  Probe  
  43  3:36  Gateway  
  43  3:41  Probe  
  43  3:43  Phoenix  
  43  3:45  Probe  
  47  3:56  Twilight Council, Probe  
  48  4:03  Nexus  
  48  4:04  Probe  
  36  4:10  Phoenix (Chrono Boost)  
  49  4:14  Pylon  
  49  4:15  Probe  
  52  4:17  Probe, Assimilator  
  53  4:27  Probe  
  54  4:32  Phoenix, Probe  
  54  4:37  Stalker  
  54  4:38  Stalker  
  61  4:39  Probe  
  62  4:47  Probe  
  62  4:48  Zealot  
  60  4:54  Probe  
  60  4:56  Charge  
  60  4:59  Probe  
  61  5:07  Probe (Chrono Boost)  
  62  5:11  Pylon  
  62  5:14  Forge  
  62  5:15  Probe x2 (Chrono Boost), Pylon  
  62  5:19  Probe (Chrono Boost)  
  65  5:24  Probe x2 (Chrono Boost)  
  65  5:25  Probe (Chrono Boost)  
  65  5:27  Pylon  
  68  5:29  Phoenix, Probe (Chrono Boost)  
  68  5:31  Probe (Chrono Boost)  
  73  5:38  Probe (Chrono Boost)  
  73  5:41  Probe (Chrono Boost), Protoss Ground Armor Level 1 (Chrono Boost)  
  75  5:46  Probe (Chrono Boost)  
  75  5:48  Probe (Chrono Boost)  
  75  5:49  Probe (Chrono Boost)  
  77  5:50  Gateway  
  77  5:53  Probe  
  78  5:58  Probe x2  
  80  6:05  Probe  
  80  6:07  Gateway  
  80  6:09  Gateway x2  
  80  6:10  Probe  
  82  6:12  Gateway  
  82  6:13  Gateway  
  82  6:14  Templar Archives  
  82  6:15  Robotics Facility  
  82  6:22  Probe x3  
  82  6:24  Sentry  
  82  6:25  Zealot x2  
  91  6:27  Assimilator  
  91  6:29  Assimilator  
  91  6:34  Probe x2  
  91  6:36  Phoenix, Pylon  
  95  6:41  Probe  
  95  6:44  Nexus  
  96  6:49  Pylon  
  96  6:52  Pylon  
  96  7:01  Phoenix  
  96  7:05  Probe x3  
  101  7:10  Zealot x2, High Templar x2  
  101  7:11  Zealot x4  
  101  7:15  Archon  
  117  7:16  Warp Prism  
  117  7:22  Probe, Pylon  
  120  7:23  Probe  
  120  7:24  Probe, Pylon  
  122  7:30  Protoss Ground Weapons Level 1 (Chrono Boost)  
  122  7:31  Robotics Bay, Assimilator  
  122  7:37  Robotics Facility  
  122  7:38  Shield Battery  
  122  7:40  Pylon  
  122  7:41  Probe x2  
  124  7:56  Probe  
  124  7:57  Probe x2  
  124  7:58  Pylon  
  127  8:01  Photon Cannon  
  127  8:03  Shield Battery, Probe  
  127  8:04  Zealot x3  
  134  8:08  Probe  
  134  8:09  Zealot x2, High Templar x2  
  134  8:12  Pylon  
  143  8:16  Archon, Colossus (Chrono Boost)  
  143  8:17  Zealot x2  
  153  8:26  Pylon  
  153  8:33  Probe x3  
  153  8:34  Probe  
  163  8:36  Extended Thermal Lance  
  163  8:37  Assimilator x2  
  161  8:45  Colossus (Chrono Boost)  
  161  8:50  Forge  
  161  8:52  Gateway  
  161  8:53  Dark Shrine  
  161  8:54  Pylon  
  161  8:55  Blink  
  161  8:56  Pylon  
  161  8:59  Colossus (Chrono Boost)  
  167  9:04  Zealot x4  
  175  9:18  Protoss Ground Armor Level 2 (Chrono Boost)  
  175  9:21  Stalker x5  
  185  9:26  Protoss Ground Weapons Level 2 (Chrono Boost)  
  185  9:40  Nexus  
  185  9:42  Pylon  
  186  9:49  Observer (Chrono Boost)  
  186  9:53  Zealot x7  
  200  10:05  Disruptor x2  
  180  10:27  Shadow Stride  
  174  10:28  Dark Templar  
  174  10:29  Zealot x9  
  194  10:39  Probe x3  
  197  10:43  Disruptor (Chrono Boost)  
  197  10:45  Gateway  
  197  10:47  Gateway  
  176  10:50  Gateway  
  176  10:51  Gateway  
  176  10:53  Disruptor (Chrono Boost)  
  169  11:00  Dark Templar  
  169  11:01  Zealot x9  
  189  11:06  Disruptor (Chrono Boost)  
  166  11:21  Disruptor  
  166  11:23  Stalker x6  
  166  11:25  Zealot x3  
  187  11:35  Protoss Ground Armor Level 3 (Chrono Boost)  
  187  11:41  Disruptor, Nexus  
  190  12:02  Pylon  
  190  12:15  Stalker x2  
  190  12:16  Stalker x3  
  190  12:19  Photon Cannon  
  190  12:21  Photon Cannon  
  199  12:34  Nexus  
  199  12:35  Pylon  
  199  12:41  Photon Cannon  
  199  12:42  Shield Battery, Photon Cannon  
  199  12:44  Nexus  
  199  12:46  Pylon  
  165  13:00  Zealot x9, Dark Templar  
  165  13:01  Zealot x4  
  181  13:06  Disruptor x2  
  156  13:22  Zealot x2, Dark Templar x7  
  156  13:23  Zealot x4  
  182  13:37  Forge  
  182  13:38  Probe x2  
  182  13:39  Probe x3  
  187  13:41  Photon Cannon  
  187  13:44  Cybernetics Core  
  185  13:50  Zealot x7  
  199  14:13  Protoss Shields Level 1 (Chrono Boost), Photon Cannon x2  
  195  14:24  Twilight Council  
  195  14:28  Stalker x2  
  199  14:37  Fleet Beacon  
  197  14:39  Stargate  
  197  14:42  Stalker x2  
  197  14:43  Stalker  
  180  14:58  Stalker x5  
  180  14:59  Stalker x5  
  189  15:10  Disruptor x2  
  168  15:23  Dark Templar  
  168  15:24  Dark Templar, Stalker x2  
  168  15:25  Zealot x9  
  131  15:45  Disruptor  
  131  15:46  Disruptor  
  135  15:50  Stalker  
  135  15:51  Stalker x6  
  135  15:53  Zealot  
  146  15:57  Probe x3  
  146  15:58  Probe  
  149  16:21  Disruptor  
  149  16:22  High Templar x7  
  149  16:23  High Templar x6  
  178  16:26  Archon x4  
  178  16:27  Archon x2  
  178  16:39  Nexus  
  170  16:57  Probe x2  
  170  16:58  Probe  
  173  17:07  Stalker x2  
  173  17:08  Stalker x5  
  177  17:28  Stalker  
  179  17:31  Stalker  
  179  17:32  Pylon x2  
  179  17:41  Probe  
  179  17:42  Probe  
  180  17:50  Probe x2, Stalker  
  184  17:51  Zealot x3  
  184  17:53  Probe  
  184  17:54  Probe  
  192  18:00  Observer x2  
  194  18:14  Photon Cannon  
  194  18:15  Probe x3  
  194  18:17  Pylon  
  197  18:38  Dark Templar  
  181  18:56  Stalker x7  
  181  18:57  Stalker  
  181  18:58  Stalker x3  
  131  19:10  Stalker x4  
  98  19:29  Zealot x5  
  99  19:33  Zealot x4  
  107  19:57  Probe (Chrono Boost)  
  112  20:04  Probe x4 (Chrono Boost)  
  113  20:07  Probe (Chrono Boost)  
  113  20:14  High Templar x2  
  113  20:17  Pylon  
  113  20:19  Archon  
Show
View Real Time Build Order
Export as new Build Order

Spirit Terran - Winner!

Build Orders:  

Get SALT Encoding   

  12  0:00  SCV  
  13  0:12  SCV  
  14  0:17  Supply Depot  
  14  0:24  SCV  
  15  0:39  SCV  
  15  0:40  Barracks  
  16  0:43  Refinery  
  16  0:51  SCV  
  17  1:03  SCV  
  18  1:15  SCV  
  19  1:27  Marine  
  19  1:28  Orbital Command  
  20  1:41  Command Center  
  20  1:45  Barracks Reactor  
  20  1:52  Supply Depot  
  20  1:55  SCV  
  21  2:07  SCV  
  22  2:10  Factory  
  22  2:19  Bunker  
  22  2:20  SCV  
  23  2:23  Marine  
  23  2:24  Marine  
  25  2:32  SCV  
  26  2:40  Marine  
  26  2:42  Marine  
  26  2:44  SCV  
  29  2:55  Hellion, Starport  
  29  2:56  SCV  
  32  2:58  Orbital Command  
  32  3:04  Marine  
  33  3:07  Marine  
  33  3:08  SCV  
  35  3:20  SCV  
  35  3:23  Widow Mine  
  35  3:24  SCV, Marine  
  40  3:30  Marine  
  40  3:32  SCV  
  40  3:33  Refinery  
  42  3:35  Medivac  
  42  3:36  SCV  
  42  3:39  Supply Depot  
  45  3:44  SCV  
  46  3:51  Marine  
  46  3:59  Marine  
  46  4:01  SCV  
  46  4:03  Factory Tech Lab  
  46  4:05  Supply Depot  
  46  4:07  SCV  
  45  4:11  Marine  
  46  4:19  SCV x2  
  46  4:23  Command Center  
  46  4:24  Barracks  
  48  4:26  Cyclone  
  48  4:29  Marine  
  48  4:31  SCV x2  
  53  4:34  Marine  
  55  4:40  Supply Depot  
  55  4:43  SCV x2  
  56  4:47  Marine  
  56  4:51  Viking, Marine  
  53  4:55  SCV x2  
  54  5:00  Cyclone  
  54  5:02  Supply Depot  
  54  5:05  Marine  
  55  5:07  SCV x2  
  55  5:08  Barracks  
  57  5:14  Refinery  
  57  5:15  Refinery, Marine  
  57  5:19  SCV  
  57  5:20  SCV  
  60  5:25  Viking  
  62  5:31  SCV  
  62  5:32  SCV, Marine  
  62  5:34  Supply Depot  
  62  5:35  Barracks Tech Lab, Siege Tank  
  68  5:40  Orbital Command  
  68  5:43  SCV  
  68  5:44  SCV  
  70  5:51  Engineering Bay  
  70  5:53  Engineering Bay  
  70  5:55  SCV  
  70  5:56  SCV  
  72  5:59  Marauder  
  74  6:06  Barracks Tech Lab, Orbital Command  
  74  6:07  SCV, Siege Tank  
  74  6:08  SCV  
  79  6:11  Marine  
  80  6:19  Missile Turret  
  80  6:20  SCV x2  
  80  6:21  Marauder  
  84  6:27  Marauder, Marine  
  84  6:28  Combat Shield  
  84  6:31  Missile Turret, Stimpack  
  84  6:32  SCV x2  
  89  6:33  SCV  
  89  6:35  Starport Reactor  
  90  6:42  Supply Depot, Marauder  
  90  6:44  SCV x2, Bunker  
  90  6:45  SCV  
  90  6:47  Marine  
  95  6:49  Marauder  
  95  6:50  Marine  
  95  6:52  Terran Infantry Weapons Level 1  
  95  6:53  Terran Infantry Armor Level 1  
  99  6:56  SCV  
  99  6:58  SCV  
  101  7:01  Bunker  
  101  7:03  SCV  
  101  7:04  Marauder, Marine  
  105  7:08  SCV  
  105  7:09  Barracks x2  
  105  7:10  Supply Depot  
  105  7:14  Supply Depot, Medivac  
  109  7:24  Missile Turret  
  109  7:27  Command Center, SCV  
  109  7:31  SCV x2, Medivac  
  109  7:33  Siege Tank  
  109  7:35  Supply Depot  
  109  7:36  Supply Depot  
  116  7:40  Supply Depot, SCV  
  116  7:43  Refinery x2, SCV  
  118  7:47  Concussive Shells  
  118  7:48  Armory  
  118  7:49  Ghost Academy  
  118  7:51  SCV  
  118  7:52  SCV  
  118  7:53  Marine  
  118  7:55  SCV  
  122  8:01  Medivac x2  
  122  8:03  SCV  
  122  8:04  Supply Depot, Marauder x2  
  131  8:09  Barracks Reactor, Barracks Tech Lab  
  131  8:10  Marine  
  132  8:14  SCV x2  
  132  8:17  SCV, Siege Tank  
  138  8:21  Supply Depot  
  138  8:23  Supply Depot, Marine  
  138  8:26  SCV x2, Ghost  
  145  8:29  Marine  
  145  8:31  Ghost  
  145  8:34  SCV  
  146  8:41  Ghost  
  146  8:42  Marine  
  146  8:46  Marine  
  146  8:47  Marine  
  146  8:48  SCV  
  152  8:49  Barracks  
  152  8:50  Barracks  
  152  8:51  Barracks, Siege Tank  
  152  8:53  SCV  
  152  8:55  SCV, Marauder  
  159  9:02  SCV, Marine  
  163  9:03  Marauder  
  163  9:05  SCV  
  164  9:10  Marauder  
  164  9:14  Missile Turret  
  164  9:16  Command Center, Ghost  
  164  9:17  Refinery  
  166  9:19  Planetary Fortress  
  166  9:20  SCV x2  
  166  9:21  Refinery  
  166  9:23  SCV, Siege Tank  
  172  9:29  Terran Infantry Weapons Level 2  
  172  9:33  SCV  
  172  9:34  Marine x3  
  172  9:37  Terran Infantry Armor Level 2  
  178  9:45  Missile Turret  
  178  9:46  Missile Turret, Sensor Tower  
  178  9:49  Barracks Tech Lab x2  
  178  9:50  Barracks Tech Lab  
  178  9:52  Command Center  
  175  9:55  Sensor Tower  
  175  10:00  Siege Tank  
  177  10:09  Command Center, Medivac x2  
  179  10:14  Ghost  
  179  10:15  Supply Depot  
  179  10:16  Supply Depot  
  179  10:29  Missile Turret, Marine  
  179  10:30  Missile Turret  
  179  10:33  Marauder  
  180  10:37  Marine  
  180  10:38  Marauder, Siege Tank  
  180  10:39  Marine  
  180  10:40  Marauder  
  188  10:45  Marine x2  
  188  10:46  Marine x2  
  188  10:47  Marine  
  186  10:54  Marauder  
  186  10:55  Marine  
  185  10:57  Marine  
  185  10:59  Marine  
  185  11:01  Marine  
  188  11:07  Marine  
  188  11:08  Missile Turret x2  
  188  11:09  Missile Turret, Marauder  
  188  11:10  Siege Tank, Marine, Marauder  
  185  11:11  Marine  
  185  11:15  Marauder  
  188  11:18  Missile Turret  
  188  11:20  Terran Ship Weapons Level 1  
  188  11:21  Enhanced Shockwaves  
  191  11:29  Missile Turret  
  191  11:31  SCV  
  191  11:32  SCV x2  
  194  11:43  SCV  
  194  11:46  Medivac  
  194  11:48  Refinery  
  194  11:49  Medivac, Starport  
  194  11:50  Refinery  
  194  11:51  Starport  
  195  12:02  Command Center  
  195  12:08  Fusion Core  
  195  12:09  Barracks Tech Lab  
  195  12:10  Command Center  
  195  12:17  Missile Turret  
  195  12:18  Missile Turret  
  195  12:20  Sensor Tower  
  195  12:26  Orbital Command  
  195  12:32  Orbital Command  
  195  12:41  Command Center  
  195  12:47  Starport Reactor, Starport Tech Lab  
  195  12:48  Command Center  
  189  12:51  Armory  
  189  12:52  Starport  
  189  12:56  Marine  
  189  12:57  Marauder  
  180  12:59  Liberator x2, Marine x8  
  168  13:14  Marine  
  168  13:17  Marine x4  
  168  13:18  Terran Infantry Weapons Level 3, Marauder x5  
  183  13:32  Marine  
  189  13:35  Marine x2  
  189  13:38  Orbital Command  
  191  13:41  Ghost x4  
  199  13:51  Medivac  
  199  13:52  Medivac x2  
  199  13:53  Advanced Ballistics, Terran Ship Weapons Level 2  
  199  13:57  SCV  
  199  13:58  Armory  
  200  14:03  Orbital Command  
  200  14:16  Missile Turret  
  194  14:20  Liberator, Marine  
  194  14:21  Marauder  
  199  14:24  Marine  
  197  14:31  Orbital Command  
  197  14:34  Marauder, Marine  
  197  14:38  Personal Cloaking  
  196  14:41  Liberator  
  199  14:47  Marine  
  199  14:50  Missile Turret, Marine  
  199  14:52  Missile Turret  
  195  14:56  Liberator, Marine  
  186  15:00  Marine  
  186  15:01  Marauder, Marine x5  
  186  15:05  Marine  
  194  15:07  Liberator  
  194  15:08  Marine  
  195  15:14  Marine  
  195  15:17  Liberator  
  195  15:18  Marine  
  195  15:19  Marauder x2, Marine x3  
  197  15:23  Marauder, Marine  
  197  15:26  Marine  
  183  15:34  Liberator x2  
  165  15:37  Marauder, Marine  
  165  15:40  Marine  
  165  15:41  Marine  
  151  15:45  Marine  
  142  15:50  Orbital Command  
  142  15:53  Marine  
  142  15:54  Marauder  
  142  15:56  Planetary Fortress  
  128  16:01  SCV x6  
  128  16:04  Nuke  
  134  16:05  SCV  
  135  16:13  SCV x2  
  135  16:14  Medivac x2  
  135  16:15  Medivac  
  135  16:17  SCV  
  135  16:18  SCV x3  
  147  16:20  Marauder, Marine  
  147  16:22  Terran Vehicle And Ship Armor Level 1  
  147  16:24  Medivac  
  147  16:25  Marine  
  153  16:29  SCV  
  153  16:32  Marauder, Marine  
  157  16:33  Marine  
  157  16:37  Missile Turret, Sensor Tower  
  157  16:38  Medivac  
  160  16:45  Marine  
  160  16:46  Marauder  
  163  16:53  Marauder, Marine  
  165  16:54  Marine x2  
  165  16:55  Marauder, Marine  
  165  16:56  Marauder  
  165  16:57  SCV x7  
  173  17:09  SCV x5  
  173  17:14  Liberator x2  
  173  17:15  SCV  
  188  17:16  Liberator  
  188  17:18  Ghost x5  
  191  17:23  SCV x3, Refinery  
  191  17:24  SCV  
  191  17:25  SCV  
  191  17:29  Ghost  
  198  17:31  Marine  
  198  17:32  Marine  
  200  17:42  Marine  
  198  17:44  Marine  
  199  18:24  Marine  
  200  18:29  Marauder  
  199  18:37  Marine  
  194  18:43  Marine  
  194  18:44  Marine  
  194  18:45  Liberator, Marauder x2  
  194  18:47  Marine  
  194  18:48  Marauder  
  186  18:50  Marauder, Marine  
  189  18:59  Marine  
  189  19:00  Marauder  
  189  19:01  Marine  
  189  19:02  Marine  
  184  19:05  Marine  
  184  19:06  Marauder, Marine  
  184  19:08  Liberator x2, Marine  
  184  19:09  Marine  
  192  19:11  Marine  
  192  19:16  Liberator  
  184  19:17  Marine  
  184  19:19  Marine  
  184  19:20  Marine  
  184  19:21  Marauder  
  184  19:23  Marine  
  184  19:24  Liberator, Marauder  
  191  19:26  Marauder  
  191  19:27  Marauder x2  
  191  19:28  Liberator  
  191  19:29  Marine  
  191  19:30  Orbital Command  
  190  19:35  Marine  
  190  19:37  Marine  
  190  19:38  Missile Turret, Marine  
  193  19:41  Marine  
  193  19:43  Marauder  
  198  19:45  Marauder  
  198  19:47  Marauder  
  198  19:52  Marine  
  198  19:54  Marine  
  200  20:07  Refinery  
Tags
 
Add a new tag
Caveats
  • Supply blocks, unpowered buildings, or Contaminate may cause inaccurate times.
  • Supply counts are checked every 10 seconds.